AoeStats
← Godlike

Nomad

509447946Analyzed
2v2 RM · 7d ago on Sep 26, 2026· 80m 59s· 4 players
Game mode
Random Map
Map size
176×176
Population
200
Speed
Normal
Resources
Standard
Victory
Conquest
Starting age
Dark Age
Ending age
Imperial Age
RankedLock teamsTeams togetherTeam positionsShared explorationLock speedFull tech treeHidden civsTurbo modeCheats
Victory
Defeat
🇫🇷 Celts · France
1065
+12
🇫🇷 Khmer · France
926
+19
🇺🇸 Italians · United States
992
-16
🇺🇸 Saxons · United States
961
-15
Godlike
9:03 Loom
16:37 Feudal Age
17:05 Fishing Lines
17:15 Double-Bit Axe
18:24 Wheelbarrow
19:18 Gold Mining
19:21 Stone Mining
19:12 Horse Collar
22:15 Castle Age
21:40 Fletching
21:56 Town Watch
22:59 Forging
22:56 Scale Barding Armor
22:51 Padded Archer Armor
23:19 Bloodlines
23:32 Bow Saw
23:33 Bodkin Arrow
24:51 Stone Shaft Mining
24:18 Heavy Plow
24:26 Light Cavalry
29:43 Ballistics
29:33 Thumb Ring
30:31 Hand Cart
32:33 Town Patrol
35:18 Imperial Age
32:18 Crossbowman
33:17 Leather Archer Armor
35:42 Chain Barding Armor
35:57 Iron Casting
35:20 Murder Holes
35:05 Treadmill Crane
35:36 Masonry
35:36 Husbandry
37:14 Two-Man Saw
37:17 Chemistry
36:31 Masonry
37:42 Crop Rotation
37:37 Bracer
38:08 Ring Archer Armor
38:29 Hoardings
39:26 Elite Genoese Crossbowman
43:46 Plate Barding Armor
44:11 Blast Furnace
47:47 Hussar
50:46 Blast Furnace
53:44 Pirotechnia
56:05 Fortified Wall
martinledford2010
19:58 Feudal Age
18:14 Loom
21:56 Fishing Lines
23:10 Double-Bit Axe
23:19 Gold Mining
23:20 Stone Mining
23:41 Fletching
23:52 Padded Archer Armor
24:02 Forging
23:54 Scale Mail Armor
24:05 Horse Collar
26:23 Arson
28:50 Castle Age
27:27 Wheelbarrow
26:38 Town Watch
26:36 Man-at-Arms
30:47 Squires
30:34 Gambesons
30:49 Bodkin Arrow
31:09 Leather Archer Armor
33:24 Hand Cart
33:10 Town Patrol
37:19 Imperial Age
35:58 Treadmill Crane
36:39 Ballistics
36:15 Murder Holes
37:41 Gold Shaft Mining
38:27 Chain Mail Armor
38:48 Iron Casting
40:00 Elite Varangian Guard
41:39 Shield Wall
42:58 Plate Mail Armor
42:29 Bracer
43:12 Bow Saw
43:07 Heavy Plow
43:14 Elite Hearth Troop
44:58 Capped Ram
46:10 Conscription
46:26 Hoardings
49:26 Onager
53:09 Heavy Scorpion
56:49 Pikeman
69:30 Halberdier
Ludoblues
5:31 Loom
14:20 Feudal Age
16:08 Double-Bit Axe
20:52 Castle Age
19:51 Horse Collar
20:05 Gold Mining
22:32 Bow Saw
23:21 Wheelbarrow
24:41 Hand Cart
27:41 Heavy Plow
28:14 Fishing Lines
33:06 Imperial Age
31:26 Ballistics
31:19 Town Watch
33:55 Fervor
34:13 Heavy Scorpion
35:51 Gold Shaft Mining
35:11 Stone Mining
36:16 Fletching
36:46 Caravan
37:55 Furor Celtica
38:02 Siege Engineers
39:32 Bodkin Arrow
40:19 Hoardings
39:35 Stronghold
39:35 Elite Woad Raider
40:36 Conscription
40:30 Forging
40:20 Scale Mail Armor
41:51 Iron Casting
42:53 Chain Mail Armor
47:11 Blast Furnace
46:26 Chain Mail Armor
49:39 Plate Mail Armor
49:09 Padded Archer Armor
50:30 Capped Ram
54:19 Siege Ram
57:27 Town Patrol
64:26 Hoardings
63:44 Stronghold
70:06 Pikeman
70:32 Arson
71:00 Halberdier
79:06 Leather Archer Armor
80:07 Gambesons
QUIMEURTPERD
4:29 Loom
15:50 Feudal Age
16:18 Horse Collar
16:30 Double-Bit Axe
22:04 Castle Age
20:59 Fishing Lines
24:00 Heavy Plow
24:12 Bow Saw
23:54 Gold Mining
24:48 Wheelbarrow
23:59 Town Watch
24:40 Scale Mail Armor
24:47 Scale Barding Armor
27:35 Husbandry
27:45 Bloodlines
27:51 Forging
27:58 Stone Mining
28:45 Ballistics
31:07 Chain Mail Armor
31:27 Hand Cart
33:19 Chain Barding Armor
33:36 Iron Casting
33:25 Town Patrol
35:42 Stone Shaft Mining
35:54 Gold Shaft Mining
40:36 Imperial Age
39:12 Caravan
39:00 Light Cavalry
40:42 Cavalier
42:05 Hussar
42:07 Heavy Scorpion
43:27 Conscription
44:11 Siege Engineers
45:26 Capped Ram
50:22 Double Crossbow
56:37 Murder Holes
57:42 Chemistry
56:54 Masonry
62:25 Plate Barding Armor
62:51 Blast Furnace
72:11 Elite Ballista Elephant
74:04 Siege Ram
Connection lost

Rejoining the realm…

Still unreachable

The connection could not be restored.

Session expired

The server has moved on; the page needs a fresh start.